 Dungeon Crawl Stone Soup version 0.26-a0-520-g952f204493 (webtiles) character file.

Game seed: 9024160535989105239

465 ANON1729 the Chopper (level 7, -5/63 HPs)
             Began as a Hill Orc Monk on Aug 12, 2020.
             Slain by an ogre
             ... wielding a +0 giant club
              (19 damage)
             ... on level 5 of the Dungeon.
             The game lasted 00:04:18 (4090 turns).

ANON1729 the Chopper (Hill Orc Monk)                Turns: 4090, Time: 00:04:19

Health: -5/63      AC:  5    Str: 19    XL:     7   Next: 8%
Magic:  7/7        EV: 13    Int: 10    God:
Gold:   326        SH:  0    Dex: 13    Spells: 6/6 levels left

rFire    . . .     SeeInvis .   a - +0 hand axe
rCold    . . .     Faith    .   (no shield)
rNeg     . . .     Spirit   .   b - +0 robe
rPois    .         Reflect  .   (no helmet)
rElec    .         Harm     .   (no cloak)
rCorr    .                      d - +2 pair of gloves {Str+3}
MR       .....                  (no boots)
Stlth    ++........             (no amulet)
HPRegen  0.20/turn              h - ring of wizardry
MPRegen  0.10/turn              (no ring)

@: no status effects
A: no striking features
a: no special abilities


You were on level 5 of the Dungeon.
You visited 1 branch of the dungeon, and saw 5 of its levels.

You collected 326 gold pieces.

Inventory:

Hand Weapons
 a - a +0 hand axe (weapon)
 q - a +1 whip of freezing
Missiles
 r - 4 curare-tipped darts (quivered)
Armour
 b - a +0 robe (worn)
 d - a +2 pair of gloves of strength (worn)
Jewellery
 h - a ring of wizardry (left hand)
 p - an uncursed ring of magical power {unknown}
Wands
 s - a wand of random effects (21)
Scrolls
 f - 3 scrolls of teleportation {unknown}
 i - a scroll of fog {unknown}
 j - 4 scrolls of amnesia {unknown}
 k - 2 scrolls of remove curse {unknown}
 l - 3 scrolls of fear {unknown}
 m - 4 scrolls of identify {unknown}
 o - a scroll of enchant armour {unknown}
 t - a scroll of random uselessness {unknown}
Potions
 c - 3 potions of stabbing {unknown}
 e - 3 potions of brilliance {unknown}
 g - 7 potions of curing
 n - 4 potions of flight {unknown}


   Skills:
 + Level 6.2 Fighting
 + Level 6.7 Axes
 + Level 4.2 Armour
 - Level 2.4 Dodging
 - Level 1.5 Stealth


You had 6 spell levels left.
You didn't know any spells.
Your spell library contained the following spells:

 Spells                   Type           Power        Failure   Level
 Confusing Touch          Hex            #.......     41%         3
 Gell's Gravitas          Tloc           #.........   41%         3
 Petrify                  Tmut/Erth      #.......     80%         4
 Metabolic Englaciation   Hex/Ice        #.........   98%         5
 Yara's Violent Unravell  Hex/Tmut       #.........   98%         5


Dungeon Overview and Level Annotations

Branches:
Dungeon (5/15)             Temple (0/1) D:4

Altars:
Cheibriados
Dithmenos
Okawaru
Sif Muna
Yredelemnul

Annotations:
D:3 2 runed translucent doors, Zarlindeir's ghost, amateur GrEE
D:4 Edmund; Ijyb


Message History

You closely miss the adder.
The ogre hits you with a +0 giant club!!
The adder bites you.
You are poisoned.
The adder poisons you!
You hit the ogre but do no damage.
The ogre is severely wounded.
You hit the adder.
You feel sick. The adder bites you but does no damage.
The ogre hits you with a +0 giant club!!
* * * LOW HITPOINT WARNING * * *
You hit the ogre but do no damage.
The ogre is severely wounded.
You closely miss the adder. The adder closely misses you.
You feel better. The adder closely misses you. The ogre barely misses you.
The adder bites you but does no damage.
You barely miss the ogre.
The ogre is severely wounded.
You hit the adder.
The ogre hits you with a +0 giant club!!
You die...

#......................
###.#................
#...................#
#..................## .
....................#
..#..................
.................. #.##
...........#....# ##.#.
.......S@..###... #....
...###..O...# .. .#....
#.. #......# . .....
#...##..# .#... #....
.... #... ....# ...#.
#... ###..# ### ..##...
#... ....... ....##.


You could see an ogre and an adder.

Vanquished Creatures
  A centaur (D:2)
  2 bullfrog zombies (D:5)
  A hound (D:4)
  An iguana (D:5)
  Natasha (twice) (D:3)
  A worker ant (D:3)
  3 gnolls (D:5)
  5 adders
  A shadow imp (D:5)
  2 oozes
  An adder skeleton (D:5)
  A worm (D:2)
  3 leopard geckos
  5 orcs
  7 giant cockroaches
  4 goblins
  10 hobgoblins
  12 jackals
  6 kobolds
  2 quokkas
  9 bats
  6 frilled lizards
  2 gnoll zombies (D:2)
  3 rats
90 creatures vanquished.

Notes
Turn   | Place    | Note
-------+----------+-------------------------------------------
     0 | D:1      | ANON1729 the Hill Orc Monk began the quest for the Orb.
     0 | D:1      | Reached XP level 1. HP: 19/19 MP: 1/1
   221 | D:1      | Reached XP level 2. HP: 27/27 MP: 2/2
   229 | D:1      | Reached skill level 1 in Armour
   436 | D:1      | Reached XP level 3. HP: 28/33 MP: 3/3
  1026 | D:2      | Found a basalt altar of Yredelemnul.
  1115 | D:2      | Reached XP level 4. HP: 22/41 MP: 4/4
  1116 | D:2      | Reached skill level 5 in Axes
  1298 | D:2      | Found a snail-covered altar of Cheibriados.
  1314 | D:2      | Noticed a centaur
  1329 | D:2      | Killed a centaur
  1329 | D:2      | Reached skill level 5 in Fighting
  1329 | D:2      | Reached XP level 5. HP: 8/48 MP: 5/5
  2182 | D:3      | Found an iron altar of Okawaru.
  2234 | D:3      | Found a large runed translucent door.
  2234 | D:3      | Found a large runed translucent door.
  2238 | D:3      | Noticed Zarlindeir's ghost (amateur GrEE)
  2307 | D:3      | Noticed Natasha
  2315 | D:3      | Killed Natasha
  2315 | D:3      | Reached XP level 6. HP: 52/56 MP: 6/6
  2370 | D:3      | Found a shimmering blue altar of Sif Muna.
  2392 | D:3      | Noticed Natasha
  2408 | D:3      | Killed Natasha
  2829 | D:4      | Noticed Ijyb
  3104 | D:4      | Noticed Edmund
  3280 | D:4      | Found a staircase to the Ecumenical Temple.
  3385 | D:4      | Found a shadowy altar of Dithmenos.
  3427 | D:5      | Entered Level 5 of the Dungeon
  3846 | D:5      | Reached XP level 7. HP: 55/63 MP: 7/7
  3864 | D:5      | Found an iron altar of Okawaru.
  4087 | D:5      | HP: 3/63 [ogre/+0 giant club (20)]
  4090 | D:5      | Slain by an ogre

Illustrated notes

Levels and vault maps discovered:
D:1:      dpeg_arrival_solitude, layout_loops_corners, serial_bayou_lagoon_a,
          hangedman_decor_peaks_small
D:2:      layout_basic, lemuel_doored_altar, lemuel_zombie_altar_yredelemnul
D:3:      layout_basic, lemuel_blue_sif_altar, lemuel_round_altar,
          ebering_ghost_disaster_area, eino_tiny_chamber, uniq_natasha
D:4:      layout_basic, kennysheep_mini_moat, minmay_temple_entry_overgrown,
          uniq_ijyb, uniq_edmund
D:5:      layout_cave_pools, minitemple, lemuel_tele_altar, uniq_menkaure

Skill      XL: |  1  2  3  4  5  6 |
---------------+-------------------+-----
Armour         | 1 2 3 4 |  4.2
Fighting       | 4 5 6 |  6.2
Axes           | 5 6 |  6.7
Dodging        | |  2.4
Stealth        | |  1.5

Action                   |  1- 3 |  4- 6 |  7- 9 || total
-------------------------+-------+-------+-------++-------
Melee: Hand axe          |   126 |   218 |    32 ||   376
  Use: Potion            |       |       |     1 ||     1
 Stab: Sleeping          |     4 |     4 |       ||     8
Armor: Robe              |    48 |    58 |     3 ||   109
Dodge: Dodged            |   113 |   146 |    41 ||   300

Table legend: (Time is in decaauts)
 A = Elapsed time spent in this place.
 B = Non-inter-level travel time spent in this place.
 C = Inter-level travel time spent in this place.
 D = Time resting spent in this place.
 E = Time spent auto-exploring this place.
 F = Levels seen in this place.
 G = Mean time per level.
                   A        B        C        D        E       F      G
               +--------+--------+--------+--------+--------+-----+--------+
         Total |   4114 |   3979 |    135 |   1053 |   2252 |   5 |  822.8 |
       Dungeon |   4114 |   3979 |    135 |   1053 |   2252 |   5 |  822.8 |
               +--------+--------+--------+--------+--------+-----+--------+

Top non-repeatable levels by time:
     D:3: 978 daAuts
     D:1: 929 daAuts
     D:2: 883 daAuts
     D:4: 661 daAuts
     D:5: 660 daAuts
